 Dungeon Crawl Stone Soup version 0.15-a0-1995-g7e6aeab (webtiles) character file.

138 N00bl0rd the Bolt Thrower (level 5, -3/29 HPs)
             Began as a Kobold Arcane Marksman on July 11, 2014.
             Slain by an orc
             ... wielding a +0 hand axe
              (6 damage)
             ... on Level 4 of the Dungeon.
             The game lasted 00:12:57 (3674 turns).

N00bl0rd the Bolt Thrower (Kobold Arcane Marksman)  Turns: 3674, Time: 00:12:57

HP  -3/29        AC  2     Str 10      XL: 5   Next: 45%
MP   7/9         EV 15     Int 11      God:
Gold 133         SH  0     Dex 17      Spells:  3 memorised,  2 levels left

rFire  . . .     SeeInvis .     a - +1 dagger (pain)
rCold  . . .     Clarity  .     m - +0 robe (curse)
rNeg   + . .     rCorr    .     (no shield)
rPois  .         rRot     .     (no helmet)
rElec  .         Spirit   .     (no cloak)
SustAb .         Warding  +     (no gloves)
rMut   .         Stasis   .     (no boots)
Gourm  .                        x - amulet of warding
MR     .....                    (no ring)
                                u - +1 ring of dexterity

@: not resistant to hostile enchantments, unstealthy
A: carnivore 3
a: no special abilities


You were on level 4 of the Dungeon.
You were completely stuffed.

You visited 1 branch of the dungeon, and saw 4 of its levels.

You collected 133 gold pieces.

Inventory:

Hand weapons
 a - a +1 dagger of pain (weapon)
 b - a +0 crossbow
 g - a +0 dagger of holy wrath
 l - a +0 short sword of speed
Missiles
 c - 16 bolts
Armour
 m - a cursed +0 robe (worn)
Comestibles
 f - 5 meat rations
 j - 2 beef jerkies
 q - a royal jelly
 v - 3 rotting chunks of orc flesh
 w - 2 rotting chunks of goblin flesh
 z - a chunk of bat flesh
Scrolls
 e - a scroll of enchant weapon {unknown}
 h - 6 scrolls of identify {unknown}
 i - a scroll of enchant armour {unknown}
 k - a scroll of blinking {unknown}
 r - a scroll of noise {unknown}
Jewellery
 u - a +1 ring of dexterity (left hand)
 x - an amulet of warding (around neck)
Potions
 n - a potion of magic
 o - a potion of curing
 s - a potion of degeneration {unknown}
 t - a potion of heal wounds {unknown}
Books
 d - a book of Debilitation

   Spells                             Type                      Level
   *Corona                            Hexes                        1
   *Slow                              Hexes                        2
   *Inner Flame                       Hexes/Fire                   3
   Enslavement                        Hexes                        4
   Cause Fear                         Hexes                        4
   Leda's Liquefaction                Hexes/Earth                  4


   Skills:
 + Level 1.2 Fighting
 + Level 0.3 Short Blades
 * Level 4.6 Crossbows
 + Level 2.5 Dodging
 * Level 2.0 Spellcasting
 - Level 4.0 Hexes


You had 2 spell levels left.
You knew the following spells:

 Your Spells              Type           Power        Failure   Level  Hunger
a - Corona                Hex            #......      6%          1    ##.....
b - Slow                  Hex            #.......     10%         2    ###....
c - Inner Flame           Hex/Fire       #.......     38%         3    ####...


Dungeon Overview and Level Annotations

Branches:
Dungeon (4/15)             Temple (0/1) D:4

Altars:


Innate Abilities, Weirdness & Mutations

You are small and have problems with some larger weapons.
You are carnivorous and can eat meat at any time.


Message History

You hit the orc wizard but do no damage.
The orc wizard is heavily wounded.
The orc wizard hits you but does no damage.
The orc hits you with a hand axe.
You hit the orc wizard.
The orc wizard is severely wounded.
The orc wizard stops glowing.
The orc wizard barely misses you.
You hit the orc wizard.
You kill the orc wizard!
Your Spellcasting skill increases to level 2!
The orc closely misses you.
Unknown command.
You hit the orc but do no damage. The orc closely misses you.
You barely miss the orc. The orc hits you with a club!
* * * LOW HITPOINT WARNING * * *
The orc hits you with a hand axe.
* * * LOW HITPOINT WARNING * * *
The orc hits you with a hand axe.
You die...

.... ....
...........⌠..
##...............
##.....>....⌠.>.⌠..
....................
................⌠....
.............##........
#.........o#).........
#.......@o.#........
###....#####.o.....
###..## ....... ##..###
#..o..# ####..## .....
######....## #...
...<.....## ..
#######..# #..#


You could see 2 orcs.

Vanquished Creatures
  An orc wizard (D:4)
  A gnoll (D:1)
  3 adders (D:2)
  A giant mite (D:3)
  A worm (D:2)
  2 giant geckos
  3 oozes
  2 orcs (D:3)
  9 bats
  2 giant cockroaches
  12 goblins
  6 hobgoblins
  A jackal (D:1)
  A ball python (D:3)
  3 giant newts
  4 kobolds
  4 quokkas
  7 rats
63 creatures vanquished.

Notes
Turn   | Place    | Note
--------------------------------------------------------------
     0 | D:1      | N00bl0rd, the Kobold Arcane Marksman, began the quest for the Orb.
     0 | D:1      | Reached XP level 1. HP: 12/12 MP: 2/2
   129 | D:1      | Reached XP level 2. HP: 16/16 MP: 1/3
   143 | D:1      | Learned a level 2 spell: Slow
   265 | D:1      | Reached XP level 3. HP: 20/20 MP: 4/4
  1282 | D:2      | Reached XP level 4. HP: 22/25 MP: 4/6
  1929 | D:2      | Reached skill level 4 in Crossbows
  2368 | D:2      | Learned a level 3 spell: Inner Flame
  2912 | D:3      | Reached XP level 5. HP: 29/29 MP: 7/7
  3655 | D:4      | Found a staircase to the Ecumenical Temple.
  3674 | D:4      | Slain by an orc

Action                   |  1- 3 |  4- 6 || total
-------------------------+-------+-------++-------
Melee: Short sword       |    62 |    89 ||   151
       Dagger            |     4 |   128 ||   132
 Fire: Crossbow          |    28 |     1 ||    29
 Cast: Corona            |     5 |    12 ||    17
       Slow              |     3 |     5 ||     8
  Use: Potion            |       |     2 ||     2
 Stab: Sleeping          |       |     2 ||     2
  Eat: Chunk             |    10 |     8 ||    18
